 Dungeon Crawl Stone Soup version 0.19-a0-1456-gc747e27 (webtiles) character file.

26 PurpleRed the Conjurer (level 2, 0/15 HPs)
             Began as a Deep Elf Conjurer on Sept 6, 2016.
             Slain by Edmund
             ... wielding a +6 flail of protection
              (15 damage)
             ... on level 4 of the Dungeon.
             The game lasted 00:03:52 (628 turns).

PurpleRed the Conjurer (Deep Elf Conjurer)           Turns: 628, Time: 00:03:52

Health: 0/15       AC:  3    Str:  5    XL:     2   Next: 89%
Magic:  6/8        EV: 13    Int: 19    God:
Gold:   131        SH:  0    Dex: 15    Spells: 2 memorised, 5 levels left

rFire  . . .     SeeInvis .     (no weapon)
rCold  . . .     Gourm    .     a - +1 robe
rNeg   . . .     Faith    .     (no shield)
rPois  .         Spirit   .     (no helmet)
rElec  .         Dismiss  .     (no cloak)
rCorr  .         Reflect  .     (no gloves)
MR     .....     Harm     .     (no boots)
Stlth  ++........               (no amulet)
                                (no ring)
                                k - ring of wizardry

@: no status effects
A: no striking features
a: no special abilities


You were on level 4 of the Dungeon.
You were not hungry.

You visited 1 branch of the dungeon, and saw 4 of its levels.

You collected 131 gold pieces.

Inventory:

Hand Weapons
 j - a +0 club
Armour
 a - a +1 robe (worn)
Jewellery
 k - a ring of wizardry (left hand)
Potions
 d - 3 potions of might
 f - 2 potions of curing
 l - a potion of flight
Books
 b - a book of Conjurations

   Spells                             Type                      Level
   a - Magic Dart                     Conjuration                  1
   b - Searing Ray                    Conjuration                  2
   c - Dazzling Spray                 Conjuration/Hexes            3
   d - Fulminant Prism                Conjuration/Hexes            4
   e - Iskenderun's Mystic Blast      Conjuration                  4
   f - Iskenderun's Battlesphere      Conjuration/Charms           5
Comestibles
 c - a bread ration
 g - 2 meat rations
 m - 3 fruits


   Skills:
 - Level 2.4 Dodging
 - Level 2.4 Stealth
 + Level 3.9 Spellcasting
 * Level 5.0 Conjurations


You had 5 spell levels left.
You knew the following spells:

 Your Spells              Type           Power        Failure   Level  Hunger
a - Magic Dart            Conj           ###.         1%          1    None
b - Searing Ray           Conj           ###...       1%          2    ##.....


Dungeon Overview and Level Annotations

Branches:
Dungeon (4/15)
 Temple: D:4-7

Altars:
Okawaru
Zin

Annotations:
D:4 Edmund


Message History

d - 3 potions of might (gained 1)
Found 6 gold pieces.
Found a stone staircase leading up.
There is a stone staircase leading up here.
You climb upwards.
There is a stone staircase leading down here.
You climb downwards.
There is a stone staircase leading up here.
Edmund the Younger comes into view.
He is wielding a flail of protection.
Edmund shouts!
Edmund says, "I'm quite good with sums, too."
Casting: Magic Dart
Confirm with . or Enter, or press ? or * to list all spells.
Aiming: Searing Ray
Press: ? - help, Shift-Dir - straight line, f - Edmund
Aim: Edmund, wielding a flail of protection and wearing a ring mail The searing ray hits Edmund.
Edmund hits you with a flail of protection!
Ouch! That really hurt!
You die...

# #.# *,**** *,,* #####.#
*#...,* *,,* ......#
*....,***,,* #######
####*****...,,,,,,,*
########
#..,,,,,,..#******,*
.......#
#.#******..#******,*
######.######.#
*..#*,,,,,,*
#........#######..#*,******
#.......<..@@.....#*,* *
##.#############..#*,* *
#..,,* ***..#*,****** *
####,* *****,,....,,,,,,* *
*,* *,,,,,,..##.****,* *
*,* *,*,,,,..#*,# *,* *
*,****,*,,,,...*,* *,* *
*,**,,,,,,,,...,,* *,* *
*,**,,,,,,,,,,,*** *,*


You could see Edmund.

Vanquished Creatures
  A giant gecko (D:3)
  A giant cockroach (D:1)
  5 goblins
  4 hobgoblins
  A jackal (D:2)
  2 kobolds
  A ball python (D:1)
  4 bats
  A giant newt (D:2)
  4 rats
24 creatures vanquished.

Notes
Turn   | Place    | Note
-------+----------+-------------------------------------------
     0 | D:1      | PurpleRed the Deep Elf Conjurer began the quest for the Orb.
     0 | D:1      | Reached XP level 1. HP: 10/10 MP: 6/6
   250 | D:2      | Reached XP level 2. HP: 15/15 MP: 3/8
   254 | D:2      | Learned a level 2 spell: Searing Ray
   415 | D:3      | Found a glowing silver altar of Zin.
   564 | D:4      | Found an iron altar of Okawaru.
   566 | D:4      | Reached skill level 5 in Conjurations
   623 | D:4      | Noticed Edmund
   628 | D:4      | Slain by Edmund

Vault maps used:
D:1:      tarquinn_simple_flora_water_c, minmay_strange_pillars
D:2:      wad_lake_hut
D:3:      zin_treasury, uniq_crazy_yiuf_cottage
D:4:      kennysheep_okawaru_gauntlet, first_bread, uniq_edmund

Skill      XL: |  1  2 |
---------------+-------+-----
Conjurations   | 5 |  5.0
Dodging        | |  2.4
Stealth        | |  2.4
Spellcasting   | |  3.9

Action                   || total
-------------------------++-------
Melee: Unarmed           ||     6
 Cast: Magic Dart        ||    34
       Searing Ray       ||     1
  Use: Scroll            ||     5
Armor: Robe              ||     1
Dodge: Dodged            ||    17
